 Dungeon Crawl Stone Soup version 0.29-a0-393-g47a863cc1b (webtiles) character file.

Game seed: 12526449351546607660

5421 jlumianski the Cruncher (level 10, 0/77 HPs)
             Began as a Demonspawn Fighter on May 10, 2022.
             Slain by an orc knight
             ... wielding a +0 war axe
              (5 damage)
             ... in a bailey.
             The game lasted 00:37:14 (7746 turns).

jlumianski the Cruncher (Demonspawn Fighter)        Turns: 7746, Time: 00:37:15

Health: 0/77       AC: 24    Str: 27    XL:     10   Next: 40%
Magic:  10/10      EV: 13    Int:  9    God:
Gold:   370        SH:  5    Dex: 13    Spells: 9/9 levels left

rFire   . . .      SeeInvis .   v - +7 staff of the Meek {protect, meekguard}
rCold   . . .      Faith    .   (shield currently unavailable)
rNeg    . . .      Spirit   .   g - +0 troll leather armour
rPois   .          Reflect  +   n - +2 helmet
rElec   .          Harm     .   (no cloak)
rCorr   .          Rampage  .   (no gloves)
Will    .....                   (no boots)
Stlth   ++........              s - amulet of reflection
HPRegen 1.02/turn               G - +6 ring of strength
MPRegen 0.12/turn               (no ring)

@: under a protective aura, studying Crossbows
A: molten scales 2, demonic guardian 1, weakness stinger 1
a: no special abilities


You were in a bailey.
You visited 2 branches of the dungeon, and saw 9 of its levels.
You also visited: Bailey.

You collected 370 gold pieces.

Inventory:

Hand Weapons
 a - a +0 war axe
 h - a +1 dagger of speed
 t - a +1 hand axe of freezing
 v - the +7 staff of the Meek (weapon) {protect, meekguard}
   (You found it on level 3 of the Dungeon)

   It grants its wielder temporary protection when it strikes (+7 to AC).
   It provides extra protection to wielders with little health.
 J - a +1 trident of venom
Missiles
 e - 21 boomerangs
 i - 137 stones
 j - 5 poisoned darts
 l - 3 javelins
 y - 10 curare-tipped darts (quivered)
 D - a throwing net
Armour
 b - a +0 scale mail
 c - a +0 buckler
 g - a +0 troll leather armour (worn)
 n - a +2 helmet (worn)
 u - a +0 scale mail of fire resistance
 K - a +0 plate armour
 L - a +2 scale mail of cold resistance
 N - +0 steam dragon scales
Jewellery
 s - an amulet of reflection (around neck)
 G - a +6 ring of strength (left hand)
Wands
 B - a wand of acid (10)
 E - a wand of paralysis (5)
 H - a wand of mindburst (20)
Scrolls
 q - a scroll of amnesia
 r - a scroll of immolation
 A - 3 scrolls of poison
 F - a scroll of fog
 I - 2 scrolls of enchant weapon
 O - a scroll of blinking
Potions
 d - a potion of brilliance
 f - a potion of cancellation
 k - 2 potions of lignification
 m - a potion of degeneration
 o - a potion of mutation
 p - a potion of attraction
 x - a potion of curing
 z - a potion of magic
 C - a potion of resistance
 M - a potion of haste


   Skills:
 + Level 6.7 Fighting
 - Level 3.8 Axes
 * Level 10.4 Staves
 + Level 0.6 Throwing
 + Level 4.3 Armour
 + Level 5.2 Dodging
 + Level 2.1 Stealth
 - Level 3.4 Shields


You had 9 spell levels left.
You didn't know any spells.
Your spell library contained the following spells:

 Spells                   Type           Power      Damage    Failure   Level
 Conjure Flame            Conj/Fire      0%         6-21      80%         3
 Ignite Poison            Fire/Tmut/Pois 0%         N/A       80%         3
 Sticky Flame             Conj/Fire      0%         2d3       99%         4


Dungeon Overview and Level Annotations

Branches:
Dungeon (8/15)             Temple (1/1) D:5          Bailey (1/1)
   Lair: D:8-11

Altars:
Cheibriados
Dithmenos
Elyvilon
Fedhas
Hepliaklqana
Kikubaaqudgha
Makhleb
Okawaru
Qazlal
Sif Muna
Trog
Uskayaw
Vehumet
Xom
Yredelemnul
The Shining One
Beogh

Annotations:
D:7 1 runed translucent door, Crazy Yiuf


Innate Abilities, Weirdness & Mutations

You are mostly covered in molten scales. (AC +3)
A weak demonic guardian rushes to your aid.
You have a small tail.


Message History

The orc warrior attacks as you move away!
The orc warrior barely misses you.
The orc warrior no longer looks unusually strong.
The orc hits you with a +0 hand axe.
You see here a kobold corpse.
There is an open gate here.
Okay, then.
Unknown command.
Okay, then.
Aiming: Corrosive Bolt
Press: ? - help, Shift-Dir - straight line, f - orc
Aim: an orc, wielding a +0 hand axe and wearing a +0 leather armour (strong, 71% to hit)
The bolt of acid hits the orc!
The acid corrodes the orc!
You kill the orc!
The bolt of acid hits the orc knight!
The orc knight is heavily wounded.
You closely miss the orc knight.
The orc knight is heavily wounded.
The orc warrior barely misses you.
There are monsters nearby!
Aiming: Mindburst
Press: ? - help, Shift-Dir - straight line, f - orc knight
Aim: an orc knight, wielding a +0 war axe and wearing a +0 scale mail (heavily wounded, chance to affect: 47%)
The orc knight's mind is blasted!
The orc knight roars a battlecry!
The orc warrior goes into a battle-frenzy!
The orc warrior barely misses you.
You barely miss the orc knight.
Your tail-slap misses the orc knight.
The orc knight is severely wounded.
The orc knight hits you with a +0 war axe!
* * * LOW HITPOINT WARNING * * *
A demonic guardian appears!
The orc warrior hits you with a +0 broad axe!
* * * LOW HITPOINT WARNING * * *
You sock the orc knight!
Your weapon exudes an aura of protection.
Your tail-slap misses the orc knight.
The orc knight is almost dead.
The orc knight hits you with a +0 war axe.
You die...

.'....8..8..#≈≈♣
#####........#≈≈♣
≈#≈≈≈##......##≈≈♣
....[≈#.....##...♣
....!≈#....##....♣
..8.8##....#.....♣♣
.....#...5.'.)....♣
∩....#....o'.).∩.∩♣
....o#....o@......♣
..8.8##...o#.....♣♣
....?≈#....##....♣
....}≈#.†...##...♣ ###
≈#≈≈≈##......##≈≈♣
..#########........#≈≈♣
..'..)..))†..8..8..#≈≈♣
..#≈≈((≈#†.........# ♣
..#≈≈≈≈≈#.........##


You could see an orc warlord, an orc knight, 2 orc warriors and a friendly
quasit (summoned).

Vanquished Creatures
  A two-headed ogre (D:6)
  An ugly thing (D:6)
  A deep elf pyromancer (D:7)
  Maggie (D:7)
  A wraith (D:7)
  A wyvern (D:5)
  2 steam dragons
  2 water moccasins (D:7)
  4 orc warriors
  An ice beast (D:5)
  4 black bears
  An ogre (D:5)
  2 centaurs
  3 phantoms
  A gnoll sergeant (D:7)
  2 necrophages
  2 scorpions
  7 howler monkeys
  A gnoll shaman (D:6)
  4 hounds
  4 orc priests
  2 iguanas
  7 orc wizards
  A hound skeleton (D:5)
  Robin (D:2)
  16 gnolls
  7 adders
  A shadow imp (D:6)
  2 white imps
  3 ufetubi (D:5)
  2 worms
  32 orcs
  11 endoplasms
  6 giant cockroaches
  17 goblins
  11 hobgoblins
  2 jackals (D:3)
  4 quokkas
  10 ball pythons
  3 bats
  3 frilled lizards
  14 kobolds
  7 rats
208 creatures vanquished.

Vanquished Creatures (collateral kills)
  Eustachio (D:4)
  A gnoll shaman (D:3)
  A gnoll (D:4)
  An adder (D:2)
  An ufetubus (D:7)
  2 goblins
  A hobgoblin (D:2)
8 creatures vanquished.

Grand Total: 216 creatures vanquished

Notes
Turn   | Place    | Note
-------+----------+-------------------------------------------
     0 | D:1      | jlumianski the Demonspawn Fighter began the quest for the
                  | Orb.
     0 | D:1      | Reached XP level 1. HP: 18/18 MP: 1/1
   545 | D:1      | Found a faded altar of an unknown god.
   555 | D:1      | Gained mutation: A weak demonic guardian rushes to your
                  | aid. [demonic ancestry]
   555 | D:1      | Reached XP level 2. HP: 24/24 MP: 2/2
  1234 | D:2      | Noticed Robin
  1285 | D:2      | Reached XP level 3. HP: 29/29 MP: 3/3
  1304 | D:2      | Killed Robin
  1305 | D:2      | Reached skill level 1 in Dodging
  1512 | D:2      | Reached XP level 4. HP: 35/35 MP: 4/4
  2117 | D:3      | Noticed a black bear
  2155 | D:3      | Killed a black bear
  2156 | D:3      | Reached XP level 5. HP: 9/41 MP: 5/5
  2216 | D:3      | HP: 2/42 [gnoll shaman/+0 whip (7)]
  2402 | D:4      | Noticed a black bear
  2410 | D:3      | Killed a black bear
  2411 | D:3      | Gained mutation: You have a small tail. [demonic ancestry]
  2411 | D:3      | Reached XP level 6. HP: 16/48 MP: 6/6
  2480 | D:3      | Found a blossoming altar of Fedhas.
  2480 | D:3      | Found an ancient bone altar of Kikubaaqudgha.
  2679 | D:3      | Found a bloodstained altar of Trog.
  2853 | D:3      | Found the +7 staff of the Meek {protect, meekguard}
  3656 | D:4      | Noticed Eustachio
  3697 | D:4      | Killed Eustachio
  3698 | D:4      | Reached skill level 2 in Staves
  3698 | D:4      | Reached XP level 7. HP: 51/55 MP: 7/7
  3857 | D:4      | Reached skill level 3 in Staves
  3994 | D:4      | Reached skill level 4 in Staves
  4013 | D:4      | Found a radiant altar of Vehumet.
  4113 | D:4      | Reached XP level 8. HP: 55/61 MP: 8/8
  4403 | D:5      | Entered Level 5 of the Dungeon
  4403 | D:5      | Found a staircase to the Ecumenical Temple.
  4419 | Temple   | Entered the Ecumenical Temple
  4842 | D:5      | Reached skill level 5 in Fighting
  4842 | D:5      | Reached skill level 5 in Staves
  5175 | D:5      | Reached skill level 1 in Stealth
  5308 | D:5      | Reached skill level 6 in Staves
  5359 | D:5      | Found a burning altar of Makhleb.
  5556 | D:6      | You fall into a shaft and drop 1 floor!
  5699 | D:6      | Reached skill level 7 in Staves
  5769 | D:6      | Gained mutation: You are partially covered in molten
                  | scales. (AC +2) [demonic ancestry]
  5769 | D:6      | Reached XP level 9. HP: 68/68 MP: 9/9
  5870 | D:6      | Noticed a white ugly thing
  5910 | D:6      | Killed a white ugly thing
  5959 | D:6      | Noticed a two-headed ogre
  5974 | D:6      | Killed a two-headed ogre
  5975 | D:6      | Reached skill level 8 in Staves
  6347 | D:7      | Reached skill level 9 in Staves
  6452 | D:7      | Noticed a deep elf pyromancer
  6624 | D:7      | Gained mutation: You are mostly covered in molten scales.
                  | (AC +3) [demonic ancestry]
  6624 | D:7      | Reached XP level 10. HP: 74/76 MP: 10/10
  6691 | D:7      | Noticed Maggie
  6700 | D:7      | Killed Maggie
  6701 | D:7      | Reached skill level 5 in Dodging
  6817 | D:7      | Found a runed translucent door.
  6818 | D:7      | Noticed Crazy Yiuf
  7129 | D:7      | Killed a deep elf pyromancer
  7130 | D:7      | Reached skill level 10 in Staves
  7549 | D:8      | Found a flagged portal.
  7556 | Bailey   | Entered a bailey
  7562 | Bailey   | Noticed an orc warlord
  7719 | Bailey   | Noticed an orc knight
  7746 | Bailey   | Slain by an orc knight

Illustrated notes

Levels and vault maps discovered:
D:1:      dpeg_arrival_shelter, layout_basic,
          dreamdust_ecumenical_altar_statues, serial_bayou_ford_a
D:2:      layout_basic, uniq_robin
D:3:      minmay_chambers_of_threes, layout_loops_ring,
          grunt_temple_overflow_growth_and_decay, lightli_temple_of_fire,
          serial_aquarium, aquarium_bridge_square [aquarium_subvault_wall,
          aquarium_subvault_wall, aquarium_subvault_bridge,
          aquarium_subvault_balcony], aquarium_bridge_square
          [aquarium_subvault_bridge, aquarium_subvault_balcony,
          aquarium_subvault_bridge, aquarium_subvault_bridge],
          aquarium_window_corridor_3, aquarium_window_1, aquarium_view_2d,
          aquarium_view_2d, pf_guarded_unrand_meek
D:4:      layout_loops_ring, nicolae_overflow_crystal_walls,
          mainiacjoe_overflow_paths, uniq_eustachio
D:5:      layout_basic, makhleb_blood_cavern_becter, minmay_temple_entry_wispy
D:6:      minmay_cornered_nines, layout_rooms
D:7:      layout_basic, serial_corexii_hall, chequers_hall_statues_y,
          chequers_hall_statues_corner_a, corexii_hall_statues_x,
          corexii_hall_statues_x, hangedman_decor_riveting,
          minmay_manual_mullet, uniq_maggie, uniq_crazy_yiuf_cottage
D:8:      layout_rooms, hangedman_ru_absence, enter_bailey_3
Temple:   dpeg_chambers_temple
Bailey:   bailey_axe_bossmonster_kennysheep, bailey

Skill      XL: |  1  2  3  4  5  6  7  8  9 10 |
---------------+-------------------------------+-----
Shields        | 3 |  3.4
Armour         | 3 4 |  4.3
Axes           | 2 3 |  3.8
Dodging        | 1 2 3 4 5 |  5.2
Fighting       | 4 5 6 |  6.7
Staves         | 2 4 7 9 10 | 10.4
Stealth        | 1 2 |  2.1
Throwing       | |  0.6

Action                   |  1- 3 |  4- 6 |  7- 9 | 10-12 || total
-------------------------+-------+-------+-------+-------++-------
Melee: War axe           |   112 |   102 |       |       ||   214
       Quarterstaff      |       |    60 |   286 |    94 ||   440
       Hand axe          |       |    11 |       |       ||    11
       Tailslap          |       |     7 |    38 |    12 ||    57
Throw: Stone             |       |     3 |       |       ||     3
       Dart              |       |       |       |     4 ||     4
Evoke: Wand              |       |       |       |     2 ||     2
  Use: Scroll            |     2 |     8 |    11 |     1 ||    22
       Potion            |     1 |     2 |     5 |     1 ||     9
 Stab: Fleeing           |       |       |     1 |       ||     1
Armor: Troll leather arm |    46 |   102 |   127 |    36 ||   311
       Scale mail        |     5 |       |       |       ||     5
Dodge: Dodged            |    63 |   154 |   199 |    62 ||   478
Block: Buckler           |    25 |    30 |       |       ||    55
       Other             |       |    13 |    89 |    24 ||   126
       Reflection        |       |       |     2 |     3 ||     5

Table legend: (Time is in decaauts)
 A = Elapsed time spent in this place.
 B = Non-inter-level travel time spent in this place.
 C = Inter-level travel time spent in this place.
 D = Time resting spent in this place.
 E = Time spent auto-exploring this place.
 F = Levels seen in this place.
 G = Mean time per level.
                   A        B        C        D        E       F      G
               +--------+--------+--------+--------+--------+-----+--------+
         Total |   7905 |   7728 |    177 |    570 |   4103 |  10 |  790.5 |
       Dungeon |   7437 |   7260 |    177 |    570 |   3900 |   8 |  929.6 |
        Temple |    281 |    281 |      0 |      0 |    203 |   1 |  281.0 |
        Bailey |    186 |    186 |      0 |      0 |      0 |   1 |  186.0 |
               +--------+--------+--------+--------+--------+-----+--------+

Top non-repeatable levels by time:
     D:3: 1466 daAuts
     D:7: 1275 daAuts
     D:2: 1057 daAuts
     D:1: 1049 daAuts
     D:4: 963 daAuts
     D:5: 828 daAuts
     D:6: 696 daAuts
  Temple: 281 daAuts
  Bailey: 186 daAuts
     D:8: 100 daAuts
